 Dungeon Crawl Stone Soup version 0.31-a0-691-g409c26aa35 (webtiles) character file.

Game seed: 2004318078378210101

1054 Pooter the Ruffian (level 8, -1/75 HPs)
             Began as a Troll Shapeshifter on Sept 6, 2023.
             Slain by Duvessa
             ... wielding a +0 long sword of flaming
              (9 damage)
             ... on level 5 of the Dungeon.
             The game lasted 00:19:59 (3331 turns).

Pooter the Ruffian (Troll Shapeshifter)             Turns: 3331, Time: 00:20:00

Health: -1/75      AC:  6    Str: 25    XL:     8   Next: 5%
Magic:  7/7        EV:  9    Int:  6    God:
Gold:   267        SH:  0    Dex:  9    Spells: 7/7 levels left

rFire   + . .        b - +0 shortbow
rCold   . . .        (shield currently unavailable)
rNeg    . . .        H - +2 robe {rF+}
rPois   .            (helmet currently unavailable)
rElec   .            (cloak currently unavailable)
rCorr   .            (gloves unavailable)
SInv    .            (boots unavailable)
Will    .....        (no amulet)
Stlth   +            j - +4 ring of slaying
HPRegen 1.12/turn    (no ring)
MPRegen 0.10/turn

%: no passive effects
@: beast-form
A: beast (slay +3), large, unfitting armour, claws 3, regeneration 1, shaggy fur
1, tough skin 1
a: Begin Untransformation


You were on level 5 of the Dungeon.
You were a hulking beast.
You visited 1 branch of the dungeon, and saw 5 of its levels.

You collected 267 gold pieces.

Inventory:

Hand Weapons
 b - a +0 shortbow (weapon)
   (You found it on level 2 of the Dungeon)
 p - a +0 sling
   (You found it on level 1 of the Dungeon)
 B - the +5 short sword of Bempug {holy, Str-2 Dex+9}
   (You found it on level 4 of the Dungeon)

   Str-2:     It affects your strength (-2).
   Dex+9:     It affects your dexterity (+9).
 F - a +3 dire flail of protection
   (You took it off Edmund on level 5 of the Dungeon)
Missiles
 e - 4 large rocks
 m - 5 javelins
 u - 7 poisoned darts
 x - 4 datura-tipped darts
 G - 4 curare-tipped darts
 Q - 33 stones
Armour
 a - a +0 animal skin
 H - a +2 robe of fire resistance (worn)
   (You took it off Dowan on level 5 of the Dungeon)
Jewellery
 i - a ring of fire
   (You found it on level 5 of the Dungeon)
 j - a +4 ring of slaying (left claw)
   (You found it on level 2 of the Dungeon)
Talismans
 c - a beast talisman (active)
 d - a flux talisman
 f - a serpent talisman
   (You found it on level 1 of the Dungeon)
Wands
 v - a wand of mindburst (11)
   (You took it off a kobold on level 3 of the Dungeon)
Scrolls
 k - a scroll of fear {unknown}
 o - 3 scrolls of vulnerability {!r}
 q - a scroll of poison {!r}
 w - a scroll of fog
 y - a scroll of teleportation {unknown}
 C - 2 scrolls of blinking {unknown}
 D - a scroll of butterflies
 E - a scroll of amnesia {unknown}
Potions
 g - 3 potions of curing {unknown}
 h - a potion of lignification {!q}
 l - a potion of heal wounds {unknown}
 n - 2 potions of ambrosia {unknown}
 r - 2 potions of mutation {unknown}
 s - a potion of berserk rage {unknown}
 t - a potion of resistance {unknown}
 z - 2 potions of invisibility {unknown}
 A - a potion of brilliance {unknown}


   Skills:
 + Level 3.3 Fighting
 - Level 1.5 Dodging
 * Level 6.6 Unarmed Combat
 * Level 6.2 Shapeshifting


You had 7 spell levels left.
You didn't know any spells.
Your spell library contained the following spells:

 Spells                   Type           Power      Damage    Failure   Level
 Foxfire                  Conj/Fire      0%         2x1d4     45%         1
 Magic Dart               Conj           0%         1d3       45%         1
 Sandblast                Erth           0%         2d4       45%         1
 Passwall                 Tmut/Erth      0%         N/A       58%         2
 Stone Arrow              Conj/Erth      0%         3d7       83%         3


Dungeon Overview and Level Annotations

Branches:
Dungeon (5/15) Zot: 26507
 Temple: D:4-7

Altars:
Cheibriados
Elyvilon
Sif Muna
Trog
Vehumet

Annotations:
D:5 3 runed translucent doors, Age's ghost, novice MiFi; Duvessa


Innate Abilities, Weirdness & Mutations

You are a hulking beast.
Your limbs bulge with bestial killing power. (Slay +3)
You are too large for most types of armour.
You have claws for hands.
Your natural rate of healing is unusually fast.
You are covered in fur. (AC +1)
You have tough skin. (AC +1)


Message History

You start removing your armour.
You continue taking off your +0 animal skin. x4
You finish taking off your +0 animal skin.
You start putting on your armour.
You continue putting on your +2 robe of fire resistance. x5
You finish putting on your +2 robe of fire resistance.
You feel resistant to fire.
e - 6 large rocks (gained 1)
e - 7 large rocks (gained 1)
You pick up Sif Muna's Codex of Bombardment and begin reading...
You add the spells Foxfire and Magic Dart to your library.
Okay, then.
Unknown command.
Unknown command.
You are no longer glowing.
There is an empty arch of ancient stone here.
Duvessa, Sister of Dowan comes into view.
She is wielding a +0 long sword of flaming.
Found a glowing short sword.
Found a bloodstained altar of Trog.
Duvessa shouts!
Duvessa goes berserk!
You throw a large rock. The large rock hits Duvessa!!
You throw a large rock.
The large rock completely misses Duvessa.
Duvessa closely misses you.
Duvessa hits you with a +0 long sword of flaming!
Duvessa burns you. Duvessa barely misses you.
You throw a large rock. The large rock closely misses Duvessa.
Duvessa hits you with a +0 long sword of flaming!!
Duvessa closely misses you. x2
You are too injured to fight recklessly!
b - a +0 shortbow (weapon)
Duvessa hits you with a +0 long sword of flaming!
* * * LOW HITPOINT WARNING * * *
Duvessa burns you.
* * * LOW HITPOINT WARNING * * *
You are too injured to fight recklessly!
You are too injured to fight recklessly!
You shoot an arrow.
The arrow hits Duvessa but does no damage.
Duvessa hits you with a +0 long sword of flaming!
* * * LOW HITPOINT WARNING * * *
Duvessa burns you.
* * * LOW HITPOINT WARNING * * *
Duvessa hits you with a +0 long sword of flaming!
* * * LOW HITPOINT WARNING * * *
Duvessa burns you.
* * * LOW HITPOINT WARNING * * *
You shoot an arrow. The arrow hits Duvessa.
Duvessa hits you with a +0 long sword of flaming!
You die...

#.# #..#### #.#####
##.# .. #.....####.#...
#####....#.#... #..#
#....#.^...
##.)_###......#..(
##....##.......#...
##...###........# ..
#(eh###..)......####
#...#∩#...#..........
#.(..###...##.........#
#...###...###.....#####
#..##....## #####.# ###
#_..## #.# #..## #.#
#### #.# #.#


You could see Duvessa (berserk).

Vanquished Creatures
  Edmund (D:5)
  2 black bears
  An ogre (D:5)
  2 phantoms (D:5)
  A scorpion (D:5)
  Dowan (D:5)
  3 hounds
  2 orc wizards (D:5)
  3 iguanas
  Robin (D:3)
  9 adders
  An ufetubus (D:5)
  A worm (D:4)
  4 orcs
  8 endoplasms
  3 giant cockroaches
  15 goblins
  11 hobgoblins
  7 jackals
  3 quokkas
  8 ball pythons
  3 bats
  6 frilled lizards
  12 kobolds
  6 rats
114 creatures vanquished.

Notes
Turn   | Place    | Note
-------+----------+-------------------------------------------
     0 | D:1      | Pooter the Troll Shapeshifter began the quest for the Orb.
     0 | D:1      | Reached XP level 1. HP: 18/18 MP: 0/0
   139 | D:1      | Reached skill level 1 in Fighting
   174 | D:1      | Reached XP level 2. HP: 27/27 MP: 1/1
   861 | D:2      | Reached XP level 3. HP: 33/33 MP: 2/2
  1514 | D:3      | Reached XP level 4. HP: 41/41 MP: 3/3
  1624 | D:3      | Found a radiant altar of Vehumet.
  1658 | D:3      | Noticed Robin
  1662 | D:3      | Killed Robin
  2251 | D:4      | Noticed a black bear
  2259 | D:4      | Killed a black bear
  2260 | D:4      | Reached XP level 5. HP: 43/49 MP: 4/4
  2297 | D:4      | Reached XP level 6. HP: 57/57 MP: 5/5
  2555 | D:4      | Found a white marble altar of Elyvilon.
  2671 | D:4      | Identified the +5 short sword of Bempug {holy, Str-2 Dex+9}
  2790 | D:4      | Reached skill level 5 in Unarmed Combat
  2853 | D:5      | Entered Level 5 of the Dungeon
  2874 | D:5      | Reached skill level 5 in Shapeshifting
  2942 | D:5      | Noticed Edmund
  2946 | D:5      | Reached XP level 7. HP: 41/66 MP: 6/6
  2953 | D:5      | Killed Edmund
  2988 | D:5      | Found a runed translucent gate.
  2988 | D:5      | Found a runed translucent gate.
  2988 | D:5      | Found a runed translucent gate.
  2991 | D:5      | Noticed Age's ghost (novice MiFi)
  3076 | D:5      | Found a snail-covered altar of Cheibriados.
  3265 | D:5      | Reached XP level 8. HP: 75/75 MP: 7/7
  3289 | D:5      | Noticed Dowan
  3299 | D:5      | Killed Dowan
  3300 | D:5      | Found a shimmering blue altar of Sif Muna.
  3320 | D:5      | Got Sif Muna's Codex of Bombardment
  3325 | D:5      | Found a bloodstained altar of Trog.
  3325 | D:5      | Noticed Duvessa
  3331 | D:5      | Slain by Duvessa

Illustrated notes

Levels and vault maps discovered:
D:1:      minmay_arrival_nine_rooms, layout_loops_ring, st_stairs_5
D:2:      layout_loops_cross, corner_web_ring, kennysheep_path_1
D:3:      minmay_chambers_of_twos, layout_loops_ring,
          mainiacjoe_overflow_cross_hatched, minmay_misc_feat_plants, uniq_robin
D:4:      layout_cave_pools, mainiacjoe_overflow_alcove_4, minmay_puff
D:5:      layout_basic, lemuel_tele_altar,
          nzn_overflow_gifts_of_might_and_magic, gammafunk_ghost_nasty_kobolds,
          uniq_edmund, uniq_duvessa

Skill      XL: |  1  2  3  4  5  6  7 |
---------------+----------------------+-----
Fighting       | 1 2 3 |  3.3
Unarmed Combat | 4 5 6 |  6.6
Shapeshifting  | 4 5 6 |  6.2
Dodging        | |  1.5

Action                     |  1- 3 |  4- 6 |  7- 9 || total
---------------------------+-------+-------+-------++-------
  Melee: Unarmed           |    64 |    51 |    19 ||   134
         Punch             |       |       |     1 ||     1
   Fire: Sling             |     3 |       |       ||     3
         Shortbow          |    38 |    68 |    21 ||   127
  Throw: Large rock        |     1 |     7 |     9 ||    17
  Evoke: Wand              |       |       |     4 ||     4
    Use: Scroll            |       |     3 |     1 ||     4
   Stab: Sleeping          |     1 |       |       ||     1
 Armour: Animal skin       |    37 |    44 |    30 ||   111
         Robe              |       |       |     6 ||     6
  Dodge: Dodged            |    27 |    24 |    33 ||    84

Table legend: (Time is in decaauts)
 A = Elapsed time spent in this place.
 B = Non-inter-level travel time spent in this place.
 C = Inter-level travel time spent in this place.
 D = Time resting spent in this place.
 E = Time spent auto-exploring this place.
 F = Levels seen in this place.
 G = Mean time per level.
                   A        B        C        D        E       F      G
               +--------+--------+--------+--------+--------+-----+--------+
         Total |   3365 |   3226 |    139 |     43 |   2433 |   5 |  673.0 |
       Dungeon |   3365 |   3226 |    139 |     43 |   2433 |   5 |  673.0 |
               +--------+--------+--------+--------+--------+-----+--------+

Top non-repeatable levels by time:
     D:1: 799 daAuts
     D:3: 741 daAuts
     D:2: 706 daAuts
     D:4: 627 daAuts
     D:5: 490 daAuts
